 Dungeon Crawl Stone Soup version 0.20.1-1-g8b1a95d (webtiles) character file.

893 froobite the Ruffian (level 7, 0/68 HPs)
             Began as a Troll Berserker on Aug 1, 2017.
             Was a Priest of Trog.
             Slain by an orc priest
             ... wielding a cursed -1 club
              (3 damage)
             ... on level 5 of the Dungeon.
             The game lasted 00:16:07 (3077 turns).

froobite the Ruffian (Troll Berserker)              Turns: 3077, Time: 00:16:08

Health: 0/68       AC:  6    Str: 26    XL:     7   Next: 78%
Magic:  6/6        EV: 11    Int:  5    God:    Trog [***...]
Gold:   219        SH:  2    Dex:  9    Spells: 6/6 levels left

rFire    + . .     SeeInvis .   s - +5 quarterstaff (chaos)
rCold    x . .     Gourm    +   (shield currently unavailable)
rNeg     . . .     Faith    .   a - +1 animal skin
rPois    +         Spirit   .   (helmet restricted)
rElec    .         Reflect  +   (no cloak)
rCorr    .         Harm     .   (gloves unavailable)
MR       .....                  (boots unavailable)
Stlth    +.........             f - +2 amulet of reflection
Regen    0.7/turn               m - ring of fire
MPRegen  0.1/turn               h - ring of poison resistance

@: lethally poisoned (0 -> -1), starving, slowed, very slow
A: unfitting armour, claws 3, fast metabolism 3, gourmand, regeneration 1,
shaggy fur 1, tough skin 2
a: Berserk, Trog's Hand, Burn Spellbooks, Renounce Religion


You were on level 5 of the Dungeon.
You worshipped Trog.
Trog was most pleased with you.
You were starving.

You visited 1 branch of the dungeon, and saw 5 of its levels.

You collected 219 gold pieces.

Inventory:

Hand Weapons
 s - a +5 quarterstaff of chaos (weapon)
Armour
 a - a +1 animal skin (worn)
 t - a +0 cloak
Jewellery
 f - a +2 amulet of reflection (around neck)
 h - a ring of poison resistance (right claw)
 m - a ring of fire (left claw)
Wands
 k - a wand of digging (4/24)
 n - a wand of random effects (31/48)
 v - a wand of random effects (9/48)
 x - a wand of digging (8/24)
Scrolls
 g - 5 scrolls of remove curse
 p - a scroll of fear
 q - a scroll of teleportation
 u - a scroll of identify
Potions
 c - 2 potions of magic {unknown}
 e - a potion of heal wounds
 i - 3 potions of might
 j - 4 potions of curing
 l - 2 potions of berserk rage
 r - a potion of flight {unknown}
 w - a potion of brilliance {unknown}
Books
 y - the Papyrus of Ice
   (You found it on level 5 of the Dungeon)

   Spells                             Type                      Level
   a - Ensorcelled Hibernation        Hexes/Ice                    2
   b - Throw Icicle                   Conjuration/Ice              4
   c - Metabolic Englaciation         Hexes/Ice                    5
   d - Freezing Cloud                 Conjuration/Ice/Air          6
   Trog disapproves of the use of such an item.
Comestibles
 b - 7 bread rations
 d - 7 fruits
 o - a meat ration


   Skills:
 + Level 3.9 Fighting
 + Level 0.2 Staves
 + Level 4.4 Dodging
 + Level 0.5 Stealth
 + Level 7.1 Unarmed Combat


You had 6 spell levels left.
You didn't know any spells.

Dungeon Overview and Level Annotations

Branches:
Dungeon (5/15)
 Temple: D:4-7

Altars:
Ashenzari
Dithmenos
Gozag
Kikubaaqudgha
Okawaru
Sif Muna
Uskayaw
Vehumet
Xom

Annotations:
D:5 Ijyb


Innate Abilities, Weirdness & Mutations

You are too large for most types of armour.
You have claws for hands.
Your metabolism is lightning-fast.
You like to eat raw meat.
Your natural rate of healing is unusually fast.
You are covered in fur. (AC +1)
You have very tough skin. (AC +2)


Message History

The orc wizard hits you but does no damage.
You are poisoned.
The orc hits you.
* * * LOW HITPOINT WARNING * * *
The iguana bites you.
* * * LOW HITPOINT WARNING * * *
The orc hits you but does no damage.
The orc priest calls down the wrath of Beogh upon you.
You struggle to resist.
The orc wizard hits you but does no damage.
The orc barely misses you.
You hit the orc wizard.
You kill the orc wizard!
Trog accepts your kill.
Trog appreciates your killing of a magic user.
You feel sick. The orc hits you but does no damage. The iguana bites you.
* * * LOW HITPOINT WARNING * * *
The orc priest misses you. The orc misses you. The iguana misses you.
The orc hits you but does no damage. The orc priest hits you with a club.
You die...

# .. #. ... ..
#.########+#####... ..
......................
#...................
#.l.................
#.o@.?..............
......o)o...............
...##...................
. +....................
##...................
....<................
###...................
....................
..................


You could see an iguana, an orc priest and 2 orcs.

Vanquished Creatures
  A hippogriff (D:5)
  Sigmund (D:2)
  A phantom (D:3)
  A necrophage (D:3)
  A hound (D:4)
  2 orc priests
  Crazy Yiuf (D:3)
  2 orc wizards
  Terence (D:2)
  A worker ant (D:4)
  Robin (D:3)
  4 adders
  6 worms
  5 dart slugs
  2 leopard geckos
  5 orcs
  5 giant cockroaches
  13 goblins
  13 hobgoblins
  6 jackals
  6 kobolds
  5 bats
  6 frilled lizards
  6 rats
95 creatures vanquished.

Vanquished Creatures (others)
  A hobgoblin (D:2)
1 creature vanquished.

Grand Total: 96 creatures vanquished

Notes
Turn   | Place    | Note
-------+----------+-------------------------------------------
     0 | D:1      | froobite the Troll Berserker began the quest for the Orb.
     0 | D:1      | Reached XP level 1. HP: 22/22 MP: 0/0
   133 | D:1      | Reached XP level 2. HP: 28/29 MP: 1/1
   597 | D:2      | Noticed Sigmund
   609 | D:2      | Killed Sigmund
   609 | D:2      | Reached skill level 4 in Unarmed Combat
   609 | D:2      | Reached XP level 3. HP: 37/37 MP: 2/2
   609 | D:2      | Reached XP level 4. HP: 45/45 MP: 3/3
   609 | D:2      | Reached XP level 5. HP: 53/53 MP: 4/4
   621 | D:2      | Noticed Terence
   633 | D:2      | Killed Terence
   653 | D:2      | Reached ** piety under Trog
   971 | D:2      | Found a radiant altar of Vehumet.
   975 | D:2      | Found an ancient bone altar of Kikubaaqudgha.
   975 | D:2      | Found a deep blue altar of Sif Muna.
  1161 | D:2      | Found an opulent altar of Gozag.
  1303 | D:3      | Noticed Robin
  1332 | D:3      | Killed Robin
  1332 | D:3      | Reached skill level 5 in Unarmed Combat
  1395 | D:3      | Reached XP level 6. HP: 51/61 MP: 5/5
  1424 | D:3      | Found an iron altar of Okawaru.
  1502 | D:3      | Reached *** piety under Trog
  1647 | D:3      | Found a runed door.
  1651 | D:3      | Noticed Crazy Yiuf
  1659 | D:3      | Killed Crazy Yiuf
  1718 | D:3      | Found a shadowy altar of Dithmenos.
  2027 | D:3      | Reached skill level 6 in Unarmed Combat
  2027 | D:3      | Reached XP level 7. HP: 56/67 MP: 6/6
  2426 | D:4      | Found a hide-covered altar of Uskayaw.
  2493 | D:4      | Found a shattered altar of Ashenzari.
  2914 | D:5      | Entered Level 5 of the Dungeon
  2966 | D:5      | Found a shimmering altar of Xom.
  3014 | D:5      | Noticed a hippogriff
  3022 | D:5      | Killed a hippogriff
  3022 | D:5      | Reached skill level 7 in Unarmed Combat
  3055 | D:5      | Identified the Papyrus of Ice
  3063 | D:5      | Noticed Ijyb
  3077 | D:5      | HP: 3/68 [iguana (6)]
  3077 | D:5      | Slain by an orc priest

Skill      XL: |  1  2  3  4  5  6  7 |
---------------+----------------------+-----
Fighting       | 3 |  3.9
Dodging        | 3 4 |  4.4
Unarmed Combat | 4 5 6 7 |  7.1
Staves         | |  0.2
Stealth        | |  0.5

Action                   |  1- 3 |  4- 6 |  7- 9 || total
-------------------------+-------+-------+-------++-------
Melee: Unarmed           |    51 |   162 |    26 ||   239
       Punch             |       |     1 |     1 ||     2
       Quarterstaff      |       |       |    21 ||    21
Invok: Berserk           |     1 |     1 |     1 ||     3
       Burn Spellbooks   |       |     1 |       ||     1
Evoke: Wand              |       |     1 |     2 ||     3
  Use: Scroll            |     2 |    10 |     4 ||    16
  Eat: Chunk             |     2 |    17 |     2 ||    21
       Fruit             |       |       |     6 ||     6
Armor: Animal skin       |    18 |    49 |    27 ||    94
Dodge: Dodged            |    28 |    99 |    39 ||   166
Block: Other             |     1 |     8 |     5 ||    14
